 Dungeon Crawl Stone Soup version 0.30-a0-358-g0d69a1922f (webtiles) character file.

Game seed: 6479027719872234

3 mopl the Sneak (level 1, 0/9 HPs)
             Began as a Vine Stalker Enchanter on Nov 10, 2022.
             Slain by a dart slug (2 damage)
             ... on level 1 of the Dungeon.
             The game lasted 00:00:25 (76 turns).

mopl the Sneak (Vine Stalker Enchanter)               Turns: 76, Time: 00:00:26

Health: 0/9        AC:  2    Str: 10    XL:     1   Next: 50%
Magic:  0/4        EV: 12    Int: 15    God:
Gold:   0          SH:  0    Dex: 14    Spells: 4/4 levels left

rFire   . . .      SeeInvis .    a - +1 dagger
rCold   . . .      Faith    .    (no shield)
rNeg    . . .      Spirit   +    b - +0 robe
rPois   .          Reflect  .    (no helmet)
rElec   .          Harm     .    (no cloak)
rCorr   .          Rampage  .    (no gloves)
Will    .....                    (no boots)
Stlth   ++........               (no amulet)
HPRegen 0.21/turn                (no ring)
MPRegen 0.09/turn                (no ring)

@: no status effects
A: fangs 2, magic shield, antimagic bite, no potion heal 2
a: no special abilities


You were on level 1 of the Dungeon.
You visited 1 branch of the dungeon, and saw 1 of its levels.

Inventory:

Hand Weapons
 a - a +1 dagger (weapon)
Armour
 b - a +0 robe (worn)
Potions
 c - 2 potions of invisibility


   Skills:
 - Level 0.8 Short Blades
 - Level 1.5 Dodging
 + Level 3.7 Stealth
 + Level 2.2 Spellcasting
 + Level 3.1 Hexes


You had 4 spell levels left.
You didn't know any spells.
Your spell library contained the following spells:

 Spells                   Type           Power      Damage    Failure   Level
 Ensorcelled Hibernation  Hex/Ice        12%        N/A       17%         2
 Confusing Touch          Hex            11%        N/A       19%         3
 Tukima's Dance           Hex            11%        N/A       19%         3
 Dazzling Flash           Conj/Hex       12%        N/A       34%         3


Dungeon Overview and Level Annotations

Branches:
Dungeon (1/15)

Altars:


Innate Abilities, Weirdness & Mutations

You have extremely sharp teeth.
When hurt, damage is shared between your health and your magic reserves.
Your bite disrupts and absorbs the magic of your enemies.
Potions cannot restore your health.


Message History

The ball python's grasp on you weakens, but your attempt to escape fails.
The ball python bites you but does no damage.
The ball python constricts you. The bat hits you.
You closely miss the ball python.
The ball python is severely wounded.
The bat hits you but does no damage. x2; The ball python bites you.
* * * LOW HITPOINT WARNING * * *
The ball python constricts you.
* * * LOW HITPOINT WARNING * * *
The ball python bites you. The ball python constricts you.
You barely miss the ball python. Your bite misses the ball python.
The ball python is severely wounded.
The bat hits you but does no damage. The bat barely misses you.
The ball python bites you. The ball python constricts you.
Unknown command.
You barely miss the ball python.
The ball python is severely wounded.
The bat closely misses you.
The ball python bites you but does no damage.
The ball python constricts you.
* * * LOW HITPOINT WARNING * * *
Unknown command.
You hit the ball python.
You kill the ball python!
The bat closely misses you. The dart slug launches a dart at you.
The slug dart misses you.
The slug dart misses the bat.
Unknown command.
The bat closely misses you. The dart slug launches a dart at you.
The slug dart misses you.
The slug dart hits the bat.
The bat dies!
You see here a ball python corpse.
Unknown command.
You hit the dart slug.
The dart slug is moderately wounded.
You barely miss the dart slug.
The dart slug is moderately wounded.
The dart slug bites you.
You die...

....... #....###...#
#....#...).#
#........#.##
#######....#.#....######
...............#.......#
.........$...#.#####...#
#........).....# ##...##
#.....w@....### #...##
#...........# ##...#
............# #...## ~
............#####...# ~≈
...............#...##~≈≈
#...........##.+...'~≈≈≈
#...........####...##~~≈
#...######### ##...# ≈~
.# #...## ≈


You could see a dart slug.

Vanquished Creatures
  A ball python (D:1)
  A goblin (D:1)
  A kobold (D:1)
3 creatures vanquished.

Vanquished Creatures (others)
  A bat (D:1)
1 creature vanquished.

Grand Total: 4 creatures vanquished

Notes
Turn   | Place    | Note
-------+----------+-------------------------------------------
     0 | D:1      | mopl the Vine Stalker Enchanter began the quest for the
                  | Orb.
     0 | D:1      | Reached XP level 1. HP: 9/9 MP: 4/4
    76 | D:1      | Slain by a dart slug

Illustrated notes

Levels and vault maps discovered:
D:1:      evilmike_arrival_crescent, layout_basic,
          hellmonk_ecumenical_altar_watching_god, minmay_stone_trees_medium

Action                   || total
-------------------------++-------
Melee: Dagger            ||    18
Armor: Robe              ||     6
Dodge: Dodged            ||    16

Table legend: (Time is in decaauts)
 A = Elapsed time spent in this place.
 B = Non-inter-level travel time spent in this place.
 C = Inter-level travel time spent in this place.
 D = Time resting spent in this place.
 E = Time spent auto-exploring this place.
 F = Levels seen in this place.
 G = Mean time per level.
                   A        B        C        D        E       F      G
               +--------+--------+--------+--------+--------+-----+--------+
         Total |     75 |     75 |      0 |     12 |     17 |   1 |   75.0 |
       Dungeon |     75 |     75 |      0 |     12 |     17 |   1 |   75.0 |
               +--------+--------+--------+--------+--------+-----+--------+

Top non-repeatable levels by time:
     D:1: 75 daAuts
